[Event "ICC tourney 2544 (75 10)"]
[Site "Internet Chess Club"]
[Date "2021.05.01"]
[Round "2"]
[White "GUO, MAX:salamenceg"]
[Black "DESAI, ESHA:lemonbar"]
[Result "1/2-1/2"]
[ICCResult "Black stalemated"]
[WhiteElo "1082"]
[BlackElo "913"]
[Opening "Ruy Lopez: Berlin defense, 4.O-O, d6"]
[ECO "C66"]
[NIC "RL.07"]
[Time "14:35:51"]
[PlyCount "183"]
[TimeControl "4500+10"]

1. e4 e5 2. Nf3 Nc6 3. Bb5 Nf6 4. O-O d6 5. Re1 Be7 6. d4 a6 7. Bxc6+ bxc6
8. dxe5 dxe5 9. Qxd8+ Bxd8 10. Nxe5 Bb7 11. Nc3 O-O 12. Bf4 Re8 13. Rad1
Rc8 14. Nd7 Nxd7 15. Rxd7 Re7 16. Red1 Re8 17. Na4 a5 18. Nc5 Ba8 19. Na6
h6 20. Nxc7 Bxc7 21. Rxc7 Rxc7 22. Bxc7 c5 23. Rd8 Rxd8 24. Bxd8 Bxe4 25.
Bxa5 Bxc2 26. Kf1 Kf8 27. Ke2 Ke7 28. Kd2 Bb1 29. a3 Kd6 30. Bc3 g6 31. b4
cxb4 32. Bxb4+ Kc6 33. Kc3 Kb5 34. Kd4 Bf5 35. Ke5 Be6 36. g3 h5 37. Kf4
Ka4 38. f3 Kb5 39. g4 hxg4 40. fxg4 f6 41. h4 f5 42. h5 gxh5 43. gxh5 Bf7
44. Kg5 Bxh5 45. Kxh5 f4 46. Kg4 f3 47. Kxf3 Ka6 48. Ke4 Kb7 49. Kd5 Kb8
50. Kc6 Ka8 51. Kb6 Kb8 52. a4 Ka8 53. a5 Kb8 54. Bd6+ Ka8 55. Bc5 Kb8 56.
Kc6 Ka8 57. a6 Kb8 58. Kb5 Ka8 59. Bb4 Kb8 60. Ba5 Ka8 61. Kb6 Kb8 62. Bb4
Ka8 63. Bc5 Kb8 64. Kc6 Ka8 65. Kd7 Kb8 66. Bb6 Ka8 67. Kc6 Kb8 68. Kd7 Ka8
69. Kc6 Kb8 70. Kb5 Ka8 71. Bc7 Ka7 72. Bd6 Ka8 73. Bc5 Kb8 74. Kc6 Ka8 75.
Bd6 Ka7 76. Kb5 Ka8 77. Ka5 Ka7 78. Bc5+ Ka8 79. Kb6 Kb8 80. Bd6+ Ka8 81.
Be7 Kb8 82. Bd8 Ka8 83. Kc6 Ka7 84. Kb5 Kb8 85. Kb6 Ka8 86. Ka5 Ka7 87. Kb5
Ka8 88. Ba5 Kb8 89. Kc6 Ka8 90. Bc7 Ka7 91. Kb5 Ka8 92. Kb6 { Black
stalemated } 1/2-1/2

[Event "ICC tourney 2544 (75 10)"]
[Site "Internet Chess Club"]
[Date "2021.05.01"]
[Round "2"]
[White "CHATTERJEE, SIDDHARTHA:greenlime2007"]
[Black "Traynor, Zach:ztraynor"]
[Result "1-0"]
[ICCResult "Black checkmated"]
[WhiteElo "1288"]
[BlackElo "1194"]
[Opening "Caro-Kann: classical variation"]
[ECO "B18"]
[NIC "CK.10"]
[Time "14:34:18"]
[PlyCount "109"]
[TimeControl "4500+10"]

1. e4 c6 2. d4 d5 3. Nc3 dxe4 4. Nxe4 Bf5 5. Ng3 Bg6 6. Nf3 Nf6 7. Bc4 e6
8. O-O Bd6 9. Bg5 h6 10. Bxf6 Qxf6 11. Bd3 Nd7 12. Re1 O-O-O 13. a4 Rhe8
14. a5 Bxd3 15. Qxd3 Bxg3 16. hxg3 e5 17. a6 exd4 18. axb7+ Kxb7 19. Qa6+
Kc7 20. Qxa7+ Kd6 21. Nxd4 Rxe1+ 22. Rxe1 Nc5 23. Nb5+ cxb5 24. Qb6+ Kd7
25. Qxb5+ Qc6 26. Rd1+ Kc7 27. Qxc6+ Kxc6 28. Rxd8 Ne6 29. Rg8 Kd7 30. b4
g6 31. b5 Nd4 32. c4 Ne2+ 33. Kf1 Nc3 34. b6 Kc6 35. c5 Na4 36. Rc8+ Kb7
37. Rc7+ Kb8 38. c6 Nxb6 39. Rb7+ Kc8 40. Rxb6 Kc7 41. Rb7+ Kxc6 42. Rxf7
Kd5 43. Rf6 g5 44. Rxh6 Ke5 45. f4+ Kf5 46. Rh5 Kg6 47. Rxg5+ Kh6 48. g4
Kh7 49. f5 Kh8 50. f6 Kh7 51. Rg7+ Kh8 52. Ra7 Kg8 53. g5 Kh8 54. g6 Kg8
55. Ra8# { Black checkmated } 1-0

[Event "ICC tourney 2544 (75 10)"]
[Site "Internet Chess Club"]
[Date "2021.05.01"]
[Round "2"]
[White "KHAN, SAMI:sami786"]
[Black "CAO, DANIEL:danielcao"]
[Result "1-0"]
[ICCResult "Black resigns"]
[WhiteElo "1036"]
[BlackElo "1244"]
[Opening "Grünfeld: exchange variation"]
[ECO "D85"]
[NIC "GI.03"]
[Time "14:34:16"]
[PlyCount "81"]
[TimeControl "4500+10"]

1. d4 Nf6 2. c4 g6 3. Nc3 d5 4. cxd5 Nxd5 5. g3 Bg7 6. Bg2 e6 7. e3 c6 8.
Nge2 O-O 9. O-O Nd7 10. e4 N5b6 11. a4 c5 12. Re1 cxd4 13. Nxd4 Nc5 14. e5
Nc4 15. f4 Qb6 16. Rb1 Rd8 17. b3 Nxb3 18. Rxb3 Qxd4+ 19. Qxd4 Rxd4 20. Nb5
Rd7 21. Rc3 Nb6 22. a5 Nd5 23. Bxd5 exd5 24. Nxa7 Rd8 25. Be3 Bf5 26. Bb6
Re8 27. Nb5 Rec8 28. Rxc8+ Rxc8 29. Nd6 Rc2 30. Nxf5 gxf5 31. Rd1 d4 32.
Bxd4 Bf8 33. Bb6 Ra2 34. Rd8 Ra1+ 35. Kg2 Kg7 36. Bd4 Rxa5 37. e6+ f6 38.
Rd7+ Kg8 39. e7 Ra2+ 40. Kh3 Rd2 41. Rd8 { Black resigns } 1-0

[Event "ICC tourney 2544 (75 10)"]
[Site "Internet Chess Club"]
[Date "2021.05.01"]
[Round "2"]
[White "YAMASAKI, DAWSON YOSHIO:Darston"]
[Black "FINETTE, STEVEN:chess278"]
[Result "1-0"]
[ICCResult "Black resigns"]
[WhiteElo "1211"]
[BlackElo "1306"]
[Opening "Nimzo-Indian: three knights variation"]
[ECO "E21"]
[NIC "NI.28"]
[Time "14:34:21"]
[PlyCount "83"]
[TimeControl "4500+10"]

1. d4 Nf6 2. c4 e6 3. Nc3 Bb4 4. Nf3 O-O 5. a3 Bxc3+ 6. bxc3 b6 7. Qc2 Bb7
8. e3 d5 9. cxd5 exd5 10. Bd3 h6 11. O-O Nbd7 12. a4 Re8 13. Ba3 c5 14.
dxc5 Nxc5 15. Bb5 Re7 16. Nd4 a6 17. Be2 Rc7 18. Rfb1 Qd6 19. Qb2 Nfd7 20.
Bb4 Qf6 21. a5 b5 22. Rd1 Rd8 23. Rac1 Ne4 24. f3 Nd6 25. Bxd6 Qxd6 26. e4
Qe5 27. exd5 Bxd5 28. Re1 Qf6 29. Bd3 Ne5 30. Bb1 Nc4 31. Qe2 g6 32. Ba2
Qd6 33. Bxc4 Bxc4 34. Qe3 Qf6 35. Qxh6 Rdc8 36. Re4 Qg7 37. Qh3 Bd5 38. Rh4
Rxc3 39. Qxc8+ Rxc8 40. Rxc8+ Qf8 41. Rxf8+ Kxf8 42. Rh8+ { Black resigns }
1-0

[Event "ICC tourney 2544 (75 10)"]
[Site "Internet Chess Club"]
[Date "2021.05.01"]
[Round "2"]
[White "MCQUILLIN, DANIL ALSANDAIR:DanilMcQuillin"]
[Black "BOSE, SIDDHARTH:siddharthbose"]
[Result "1-0"]
[ICCResult "Black checkmated"]
[WhiteElo "1380"]
[BlackElo "1216"]
[Opening "English: Mikenas-Carls variation"]
[ECO "A18"]
[NIC "EO.64"]
[Time "14:34:19"]
[PlyCount "85"]
[TimeControl "4500+10"]

1. c4 e6 2. Nc3 Nf6 3. e4 d6 4. d4 Nc6 5. Be3 Be7 6. Nf3 b6 7. Bd3 Bb7 8.
O-O O-O 9. h3 Nb4 10. Bb1 c5 11. d5 e5 12. Nd2 Nd7 13. f4 f6 14. f5 Rf7 15.
g4 h6 16. h4 Kh8 17. Nf3 Ba6 18. b3 Bb7 19. Kf2 Kg8 20. Rg1 Rc8 21. g5 fxg5
22. hxg5 hxg5 23. Bxg5 Bxg5 24. Nxg5 Re7 25. Rh1 Nf6 26. Qf3 g6 27. Qh3 Nh5
28. fxg6 Qf8+ 29. Ke1 Qf4 30. Qxh5 Qg3+ 31. Kd1 Kg7 32. Qh6+ Kf6 33. Rf1+
Qf4 34. Nh7+ Rxh7 35. Rxf4+ exf4 36. gxh7+ Kf7 37. h8=Q Rxh8 38. Qxh8 f3
39. e5 f2 40. Qf6+ Ke8 41. Bg6+ Kd7 42. Qxd6+ Kc8 43. Bf5# { Black
checkmated } 1-0

[Event "ICC tourney 2544 (75 10)"]
[Site "Internet Chess Club"]
[Date "2021.05.01"]
[Round "2"]
[White "SHARF, SAM:sam-sharf"]
[Black "Smith, Graham Bradley:Smittyboy13"]
[Result "0-1"]
[ICCResult "White checkmated"]
[WhiteElo "118"]
[BlackElo "943"]
[Opening "Queen's pawn game, Darooha variation "]
[ECO "D02"]
[NIC "QP.08"]
[Time "14:34:23"]
[PlyCount "78"]
[TimeControl "4500+10"]

1. d4 d5 2. Nf3 Nf6 3. c4 e6 4. g3 c6 5. Bg2 Bd6 6. O-O O-O 7. Nc3 Re8 8.
Qc2 Nbd7 9. e4 dxe4 10. Nxe4 Nxe4 11. Qxe4 Nf6 12. Qc2 c5 13. Rd1 Qb6 14.
Be3 Bd7 15. dxc5 Bxc5 16. Bg5 Bc6 17. Ne5 Bxg2 18. Kxg2 Rad8 19. Bxf6 gxf6
20. Nd7 Rxd7 21. Rxd7 Qc6+ 22. f3 Qxd7 23. Rd1 Qc7 24. a3 a5 25. Qd2 Bb6
26. b4 Qxc4 27. bxa5 Bxa5 28. Qb2 b6 29. Kh3 Qc3 30. Qb5 Qc8 31. g4 Rd8 32.
Rg1 Qc5 33. Qb1 Qf2 34. Rg3 Rd2 35. Qh1 Ra2 36. g5 fxg5 37. Rxg5+ Kf8 38.
Qd1 Qxh2+ 39. Kg4 Rg2# { White checkmated } 0-1

[Event "ICC tourney 2544 (75 10)"]
[Site "Internet Chess Club"]
[Date "2021.05.01"]
[Round "3"]
[White "Perera, Kevin:kevinp"]
[Black "STALEY, TIMOTHY:PirateKing"]
[Result "1-0"]
[ICCResult "Black checkmated"]
[WhiteElo "1054"]
[BlackElo "852"]
[Opening "Queen's pawn game, Chigorin variation"]
[ECO "A04"]
[NIC "QP.11"]
[Time "18:01:23"]
[PlyCount "39"]
[TimeControl "4500+10"]

1. Nf3 Nc6 2. d4 d5 3. c4 Bf5 4. cxd5 Qxd5 5. Nc3 Qd8 6. e4 Bg4 7. d5 Ne5
8. Bb5+ c6 9. dxc6 Qxd1+ 10. Nxd1 bxc6 11. Nxe5 cxb5 12. Nxg4 O-O-O 13. O-O
e6 14. Bf4 h5 15. Rc1+ Kb7 16. Rc7+ Ka8 17. Ne5 Bd6 18. Rxf7 Rh7 19. Nc6
Bxf4 20. Rxa7# { Black checkmated } 1-0

[Event "ICC tourney 2544 (75 10)"]
[Site "Internet Chess Club"]
[Date "2021.05.01"]
[Round "3"]
[White "HAUGHT-TROMP, MATTHEW:MatthewHT"]
[Black "COVEY, THEODORE DEAN:VirginiaGuy"]
[Result "1-0"]
[ICCResult "Black resigns"]
[WhiteElo "1097"]
[BlackElo "1239"]
[Opening "Two knights defense"]
[ECO "C55"]
[NIC "IG.01"]
[Time "18:02:15"]
[PlyCount "43"]
[TimeControl "4500+10"]

1. e4 e5 2. Nf3 Nc6 3. Bc4 Nf6 4. O-O Be7 5. d3 O-O 6. a4 d5 7. exd5 Nxd5
8. a5 a6 9. Re1 Bf6 10. Nbd2 Bg4 11. h3 Bh5 12. c3 Re8 13. Ne4 Be7 14. Ng3
Bg6 15. Qb3 Nf4 16. Qxb7 Qd6 17. Nxe5 Nxe5 18. Bxf4 Bf6 19. d4 Qc6 20. Qxc6
Nxc6 21. Bd5 Rxe1+ 22. Rxe1 { Black resigns } 1-0

[Event "ICC tourney 2544 (75 10)"]
[Site "Internet Chess Club"]
[Date "2021.05.01"]
[Round "3"]
[White "Traynor, Zach:ztraynor"]
[Black "MISHRA, KRITARTH:AlphaLegend24"]
[Result "0-1"]
[ICCResult "White checkmated"]
[WhiteElo "1194"]
[BlackElo "1320"]
[Opening "English: Caro-Kann defensive system"]
[ECO "A12"]
[NIC "RE.02"]
[Time "18:01:26"]
[PlyCount "48"]
[TimeControl "4500+10"]

1. Nf3 d5 2. c4 c6 3. b3 Bf5 4. Bb2 e6 5. g3 Nd7 6. Bg2 Ngf6 7. O-O h6 8.
d3 Be7 9. Nbd2 a6 10. a4 Bb4 11. Rc1 O-O 12. cxd5 cxd5 13. Nd4 Bh7 14. e4
Bxd2 15. Qxd2 dxe4 16. dxe4 Bxe4 17. Rfd1 Bxg2 18. Kxg2 Nd5 19. Nf3 N7f6
20. Ne5 Qb6 21. Qd3 Rfd8 22. Nc4 Qc6 23. Ne5 Nf4+ 24. Kf1 Qh1# { White
checkmated } 0-1

[Event "ICC tourney 2544 (75 10)"]
[Site "Internet Chess Club"]
[Date "2021.05.01"]
[Round "3"]
[White "HELLER, JACK G:Maximusiv"]
[Black "NAIR, PRANAV PRASANTH:pkcl"]
[Result "0-1"]
[ICCResult "White resigns"]
[WhiteElo "1008"]
[BlackElo "1251"]
[Opening "Caro-Kann defense"]
[ECO "B15"]
[NIC "CK.05"]
[Time "18:01:31"]
[PlyCount "54"]
[TimeControl "4500+10"]

1. e4 c6 2. d4 d5 3. Nc3 e6 4. Nf3 Be7 5. e5 Nd7 6. Be3 b6 7. Bd3 h6 8. Qd2
Bb7 9. O-O-O a5 10. g3 Bb4 11. Nh4 b5 12. a3 Bxc3 13. Qxc3 Ne7 14. f4 Ba6
15. f5 exf5 16. Bxf5 Bb7 17. Ng2 Nxf5 18. g4 Nxe3 19. Qxe3 Nf8 20. Rdf1 Ne6
21. Qf3 O-O 22. h4 Nxd4 23. Qd3 Ne6 24. g5 g6 25. gxh6 Kh7 26. Ne3 b4 27.
a4 Ba6 { White resigns } 0-1

[Event "ICC tourney 2544 (75 10)"]
[Site "Internet Chess Club"]
[Date "2021.05.01"]
[Round "3"]
[White "Xia, Joshua:MathMonkey"]
[Black "KHAN, SAMI:sami786"]
[Result "1-0"]
[ICCResult "Black checkmated"]
[WhiteElo "1381"]
[BlackElo "1036"]
[Opening "Sicilian: Kan, 5.Nc3"]
[ECO "B43"]
[NIC "SI.41"]
[Time "18:01:27"]
[PlyCount "53"]
[TimeControl "4500+10"]

1. e4 c5 2. Nf3 e6 3. d4 cxd4 4. Nxd4 a6 5. Nc3 Qc7 6. Be2 b5 7. O-O Nf6 8.
Be3 b4 9. Na4 Nxe4 10. Nb3 Nc6 11. Bf3 Nf6 12. Bb6 Qe5 13. Bxc6 Bd6 14.
Qxd6 Qxd6 15. Bxa8 Qe5 16. Bc5 d6 17. f4 Qf5 18. Bxd6 Bd7 19. Nb6 Qb5 20.
Bc5 a5 21. a4 bxa3 22. Rxa3 Qe2 23. Bf3 Qxc2 24. Rc1 Qd3 25. Rxa5 Qxb3 26.
Ra8+ Bc8 27. Rxc8# { Black checkmated } 1-0

[Event "ICC tourney 2544 (75 10)"]
[Site "Internet Chess Club"]
[Date "2021.05.01"]
[Round "3"]
[White "HOSUR, SANMITA:phosur"]
[Black "MCQUILLIN, DANIL ALSANDAIR:DanilMcQuillin"]
[Result "0-1"]
[ICCResult "White resigns"]
[WhiteElo "1270"]
[BlackElo "1380"]
[Opening "Giuoco Pianissimo"]
[ECO "C55"]
[NIC "IG.01"]
[Time "18:01:20"]
[PlyCount "46"]
[TimeControl "4500+10"]

1. e4 e5 2. Nf3 Nc6 3. Bc4 Nf6 4. d3 Bc5 5. c3 d6 6. O-O O-O 7. a3 Be6 8.
Ba2 h6 9. h3 a5 10. Re1 Re8 11. Be3 Bxe3 12. fxe3 Bxa2 13. Rxa2 d5 14. exd5
Qxd5 15. c4 Qd7 16. e4 Rad8 17. Qb3 Nd4 18. Nxd4 Qxd4+ 19. Kh1 b6 20. Nc3
Qxd3 21. Raa1 Rd4 22. c5 Nxe4 23. Qa4 Rxa4 { White resigns } 0-1

[Event "ICC tourney 2544 (75 10)"]
[Site "Internet Chess Club"]
[Date "2021.05.01"]
[Round "3"]
[White "Smith, Graham Bradley:Smittyboy13"]
[Black "YAMASAKI, DAWSON YOSHIO:Darston"]
[Result "1-0"]
[ICCResult "Black checkmated"]
[WhiteElo "943"]
[BlackElo "1211"]
[Opening "QGD: 4.Bg5 Nbd7"]
[ECO "D51"]
[NIC "QO.16"]
[Time "18:01:25"]
[PlyCount "83"]
[TimeControl "4500+10"]

1. d4 d5 2. c4 e6 3. Nc3 Nf6 4. Bg5 Nbd7 5. Nf3 Be7 6. e3 c6 7. cxd5 exd5
8. Bd3 Qa5 9. O-O h6 10. Bh4 g5 11. Bg3 Nh5 12. Be5 Nxe5 13. Nxe5 Ng7 14.
Qf3 Be6 15. e4 dxe4 16. Bxe4 Rf8 17. Bxc6+ bxc6 18. Qxc6+ Kd8 19. Qxa8+ Kc7
20. Qc6+ Kd8 21. Qxe6 Nxe6 22. Nc6+ Kc7 23. Nxa5 Nxd4 24. Nd5+ Kd6 25. Nxe7
Kxe7 26. Rfe1+ Kf6 27. Rad1 Ne6 28. Nc6 a6 29. Nd4 Nf4 30. g3 Nh3+ 31. Kg2
g4 32. f3 h5 33. fxg4 hxg4 34. Rf1+ Kg6 35. Ne6 Rc8 36. Nf4+ Kg5 37. Nxh3+
gxh3+ 38. Kxh3 f5 39. Rd5 Rh8+ 40. Kg2 a5 41. Rfxf5+ Kg4 42. Rf4# { Black
checkmated } 1-0

[Event "ICC tourney 2544 (75 10)"]
[Site "Internet Chess Club"]
[Date "2021.05.01"]
[Round "3"]
[White "CAO, DANIEL:danielcao"]
[Black "NOONA, TANUJ:tanuj07"]
[Result "0-1"]
[ICCResult "White resigns"]
[WhiteElo "1244"]
[BlackElo "926"]
[Opening "French: advance, Milner-Barry gambit"]
[ECO "C02"]
[NIC "FR.03"]
[Time "18:01:37"]
[PlyCount "164"]
[TimeControl "4500+10"]

1. e4 e6 2. d4 d5 3. e5 c5 4. c3 Nc6 5. Nf3 Qb6 6. Bd3 Nge7 7. O-O Bd7 8.
Bc2 Rc8 9. Na3 Ng6 10. Re1 cxd4 11. cxd4 Nb4 12. Bxg6 fxg6 13. Ng5 Be7 14.
Qf3 Bxg5 15. Bxg5 Qxd4 16. Qb3 a5 17. h3 Qd3 18. Re3 Qxb3 19. Rxb3 O-O 20.
Be7 Rf4 21. g3 Rd4 22. Re1 Rd3 23. Re3 Rxe3 24. fxe3 Ba4 25. Rc3 Rxc3 26.
bxc3 Nxa2 27. Bd8 Nxc3 28. Bxa5 Nd1 29. Bb6 Kf8 30. Kf1 Ke7 31. Ke2 Kd7 32.
Kd3 Kc6 33. Bd4 b5 34. Nc2 Nf2+ 35. Ke2 Nxh3 36. Nb4+ Kb7 37. Kf1 Ng5 38.
Kf2 Ne4+ 39. Kf3 Nd2+ 40. Ke2 Nc4 41. Bc5 Nxe5 42. Bd4 Nc6 43. Nxc6 Kxc6
44. Bxg7 Kc5 45. Kd3 b4 46. Bf8+ Kb5 47. Bg7 b3 48. Be5 Kb4 49. Bd6+ Kb5
50. Ba3 Kc6 51. Kd4 Bb5 52. Ke5 Kd7 53. Kf6 Bd3 54. g4 h5 55. gxh5 gxh5 56.
Kg5 Be2 57. Bb2 Kc6 58. Kf6 Bg4 59. Kg5 Kb5 60. Kh4 Kc4 61. Kg3 Kd3 62. Bd4
Kc2 63. Kh2 b2 64. Bxb2 Kxb2 65. Kg3 Kc3 66. Kg2 Kd3 67. Kf2 d4 68. exd4
Kxd4 69. Kg3 Kd3 70. Kf2 e5 71. Ke1 e4 72. Kf2 e3+ 73. Ke1 e2 74. Kf2 Kd2
75. Kg2 e1=Q 76. Kh2 Qh4+ 77. Kg2 Bf3+ 78. Kxf3 Qg4+ 79. Kf2 Kc2 80. Kf1 h4
81. Kf2 h3 82. Ke3 Qg2 { White resigns } 0-1

[Event "ICC tourney 2544 (75 10)"]
[Site "Internet Chess Club"]
[Date "2021.05.01"]
[Round "3"]
[White "LIU, JOSHUA:JoshL333"]
[Black "CHATTERJEE, SIDDHARTHA:greenlime2007"]
[Result "0-1"]
[ICCResult "White checkmated"]
[WhiteElo "1199"]
[BlackElo "1288"]
[Opening "Sicilian defense"]
[ECO "B30"]
[NIC "SI.31"]
[Time "18:01:30"]
[PlyCount "104"]
[TimeControl "4500+10"]

1. e4 c5 2. Nf3 Nc6 3. c3 Nf6 4. e5 Nd5 5. d4 cxd4 6. cxd4 d6 7. Bc4 Nb6 8.
Bb3 dxe5 9. Nxe5 Nxe5 10. dxe5 Qxd1+ 11. Bxd1 e6 12. O-O Bc5 13. Nd2 O-O
14. Nf3 Bd7 15. a3 Bb5 16. Re1 Rac8 17. Bg5 h6 18. Bh4 g5 19. b4 Be7 20.
Bg3 Rfd8 21. a4 Bc4 22. Rb1 Nd5 23. Be2 Bxe2 24. Rxe2 Nc3 25. Ree1 Nxb1 26.
Rxb1 Bxb4 27. h4 Rc4 28. hxg5 hxg5 29. Nxg5 b6 30. Nf3 Rdc8 31. Kh2 Bc3 32.
Rd1 Rxa4 33. Rd7 Kg7 34. Ng5 Rh8+ 35. Nh3 a5 36. f4 b5 37. f5 Rh6 38. Rc7
Rc4 39. Rb7 b4 40. fxe6 Rxe6 41. Ng5 Rh6+ 42. Kg1 a4 43. Nxf7 Bd4+ 44. Kf1
Rh1+ 45. Ke2 a3 46. Nd6+ Kg6 47. Nxc4 a2 48. Rd7 a1=Q 49. Rd6+ Kf5 50. Rf6+
Kg4 51. Rg6+ Kh5 52. Rf6 Qd1# { White checkmated } 0-1

[Event "ICC tourney 2544 (75 10)"]
[Site "Internet Chess Club"]
[Date "2021.05.01"]
[Round "3"]
[White "BOSE, SIDDHARTH:siddharthbose"]
[Black "MADSEN, STUART:gmstuartscott"]
[Result "1-0"]
[ICCResult "Black checkmated"]
[WhiteElo "1216"]
[BlackElo "895"]
[Opening "Four knights: Italian variation"]
[ECO "C28"]
[NIC "VG.04"]
[Time "18:01:31"]
[PlyCount "61"]
[TimeControl "4500+10"]

1. e4 e5 2. Nc3 Nc6 3. Bc4 Nf6 4. Nf3 h6 5. d3 Be7 6. O-O d6 7. h3 a6 8.
Be3 b5 9. Bb3 O-O 10. a3 Na5 11. Ba2 Bb7 12. b4 Nc6 13. Nd5 Bc8 14. Rc1 a5
15. c3 Bd7 16. Qd2 axb4 17. axb4 Be6 18. Ra1 Qd7 19. Bb3 Bxh3 20. Nxf6+
Bxf6 21. gxh3 Qxh3 22. Nh2 Ne7 23. Rab1 c6 24. Kh1 d5 25. exd5 cxd5 26. Bc5
d4 27. cxd4 Nf5 28. Rg1 Nh4 29. Qxh6 g6 30. Rxg6+ Bg7 31. Qxg7# { Black
checkmated } 1-0

[Event "ICC tourney 2544 (75 10)"]
[Site "Internet Chess Club"]
[Date "2021.05.01"]
[Round "3"]
[White "FINETTE, STEVEN:chess278"]
[Black "DESAI, ESHA:lemonbar"]
[Result "1-0"]
[ICCResult "Black resigns"]
[WhiteElo "1306"]
[BlackElo "913"]
[Opening "Réti: Nimzovich-Larsen attack"]
[ECO "A06"]
[NIC "QP.09"]
[Time "18:01:28"]
[PlyCount "53"]
[TimeControl "4500+10"]

1. Nf3 d5 2. b3 Nf6 3. Bb2 Nc6 4. e3 e6 5. Bb5 Be7 6. O-O O-O 7. d4 a6 8.
Bxc6 bxc6 9. Nbd2 Re8 10. Ne5 Bb7 11. Qf3 Rb8 12. Rac1 c5 13. g4 h6 14. Qe2
Bd6 15. f4 Bxe5 16. fxe5 Nd7 17. Nf3 cxd4 18. exd4 c5 19. Rf2 Qb6 20. Qe3
cxd4 21. Bxd4 Qd8 22. Rcf1 Rf8 23. g5 hxg5 24. Nxg5 Qe7 25. Rg2 Rbc8 26.
Qh3 Qxg5 27. Rxg5 { Black resigns } 1-0

[Event "ICC tourney 2544 (75 10)"]
[Site "Internet Chess Club"]
[Date "2021.05.01"]
[Round "3"]
[White "CHAPMAN, JOSHUA:Crusha777"]
[Black "Thummala, Vibodh:Vibodh"]
[Result "1-0"]
[ICCResult "Black resigns"]
[WhiteElo "1371"]
[BlackElo "1169"]
[Opening "King's Indian: Larsen variation"]
[ECO "E90"]
[NIC "KI.21"]
[Time "18:01:27"]
[PlyCount "65"]
[TimeControl "4500+10"]

1. c4 d6 2. d4 Nf6 3. Nc3 g6 4. Nf3 Bg7 5. e4 O-O 6. Be3 a6 7. Qc1 Re8 8.
Be2 Nc6 9. h3 e5 10. d5 Ne7 11. g4 Nd7 12. Bh6 Bh8 13. g5 Nf8 14. h4 c6 15.
Qe3 c5 16. Nh2 Bd7 17. Bg4 b5 18. Bxd7 Qxd7 19. cxb5 axb5 20. Qf3 b4 21.
Ne2 Qb5 22. Ng4 Nd7 23. h5 b3 24. Nc3 Qb4 25. a3 Qc4 26. hxg6 fxg6 27. Nf6+
Nxf6 28. gxf6 Kf7 29. fxe7+ Kxe7 30. Bg5+ Kd7 31. Qf7+ Kc8 32. Qxe8+ Kc7
33. Qxa8 { Black resigns } 1-0

[Event "ICC tourney 2544 (75 10)"]
[Site "Internet Chess Club"]
[Date "2021.05.01"]
[Round "3"]
[White "GANAPATHY, AISHWARYA LAKSHMI:alg142"]
[Black "LIU, KEVIN:kevin2010"]
[Result "1-0"]
[ICCResult "Black forfeits on time"]
[WhiteElo "816"]
[BlackElo "1175"]
[Opening "Sicilian: Kan, 5.Nc3"]
[ECO "B43"]
[NIC "SI.43"]
[Time "18:01:19"]
[PlyCount "55"]
[TimeControl "4500+10"]

1. e4 c5 2. Nf3 e6 3. Nc3 a6 4. d4 cxd4 5. Nxd4 Qc7 6. a3 Nf6 7. Be3 Be7 8.
Bd3 O-O 9. O-O Nc6 10. Qe2 b5 11. f4 Bb7 12. Nf3 Ng4 13. Bd2 Bc5+ 14. Kh1
Qb6 15. h3 Nd4 16. Nxd4 Bxd4 17. Qxg4 a5 18. Nxb5 Bxb2 19. Rab1 Bf6 20. Nd6
Qxd6 21. e5 Qd4 22. exf6 Qxf6 23. Rxb7 Qe7 24. f5 Qxa3 25. f6 g6 26. Qg5
Kh8 27. Rxd7 Rg8 28. Rxf7 { Black forfeits on time } 1-0

[Event "ICC tourney 2544 (75 10)"]
[Site "Internet Chess Club"]
[Date "2021.05.01"]
[Round "3"]
[White "MALONE, STEVEN CURTIS:YucaipaSteve"]
[Black "SHARF, SAM:sam-sharf"]
[Result "1-0"]
[ICCResult "Black checkmated"]
[WhiteElo "895"]
[BlackElo "118"]
[Opening "King's Indian defense, 3.Nc3"]
[ECO "E61"]
[NIC "KI.80"]
[Time "18:01:24"]
[PlyCount "99"]
[TimeControl "4500+10"]

1. d4 Nf6 2. c4 g6 3. Nc3 d6 4. Nf3 Nbd7 5. Bg5 Bg7 6. e4 h6 7. Be3 O-O 8.
Bd3 c5 9. e5 dxe5 10. dxe5 Nxe5 11. Nxe5 Qc7 12. Nf3 Ng4 13. Qe2 Nxe3 14.
Qxe3 Re8 15. O-O Kh7 16. h4 f5 17. g3 e5 18. Nd2 h5 19. Bc2 Qb6 20. b3 Bd7
21. Rad1 Rad8 22. Nf3 f4 23. Ng5+ Kg8 24. Qc1 Qc6 25. Rd2 Bh6 26. Rfd1 Re7
27. Nd5 Bxg5 28. hxg5 Rf7 29. Be4 Qe6 30. Nf6+ Kg7 31. Bd5 Qh3 32. Bxf7
fxg3 33. fxg3 Qxg3+ 34. Rg2 Qf3 35. Nxd7 Qxf7 36. Nxe5 Qe7 37. Rxd8 Qxd8
38. Qd2 Qc7 39. Qd7+ Qxd7 40. Nxd7 b6 41. Rf2 Kg8 42. Kf1 Kg7 43. Ke2 Kg8
44. Rf8+ Kg7 45. Ke3 Kh7 46. Ke4 h4 47. Nf6+ Kg7 48. Ke5 h3 49. Ke6 h2 50.
Rg8# { Black checkmated } 1-0

[Event "ICC tourney 2544 (75 10)"]
[Site "Internet Chess Club"]
[Date "2021.05.02"]
[Round "4"]
[White "Thummala, Vibodh:Vibodh"]
[Black "MALONE, STEVEN CURTIS:YucaipaSteve"]
[Result "1-0"]
[ICCResult "Black checkmated"]
[WhiteElo "1169"]
[BlackElo "895"]
[Opening "Queen's pawn"]
[ECO "A40"]
[NIC "QO.17"]
[Time "11:01:12"]
[PlyCount "27"]
[TimeControl "4500+10"]

1. d4 e6 2. e3 d5 3. f4 Nf6 4. Nf3 c5 5. c3 Nc6 6. Bd3 Be7 7. O-O O-O 8.
Nbd2 b6 9. Ne5 Bb7 10. Rf3 Rc8 11. Rh3 cxd4 12. Bxh7+ Nxh7 13. Qh5 f6 14.
Qxh7# { Black checkmated } 1-0

[Event "ICC tourney 2544 (75 10)"]
[Site "Internet Chess Club"]
[Date "2021.05.02"]
[Round "4"]
[White "MISHRA, KRITARTH:AlphaLegend24"]
[Black "GANAPATHY, AISHWARYA LAKSHMI:alg142"]
[Result "1-0"]
[ICCResult "Black checkmated"]
[WhiteElo "1320"]
[BlackElo "816"]
[Opening "Sicilian: Grand Prix attack"]
[ECO "B23"]
[NIC "SI.44"]
[Time "11:01:10"]
[PlyCount "145"]
[TimeControl "4500+10"]

1. e4 c5 2. Nc3 Nc6 3. f4 d6 4. Nf3 e5 5. fxe5 dxe5 6. Bc4 h6 7. O-O Nf6 8.
d3 Be7 9. Nd5 O-O 10. Nxf6+ Bxf6 11. Be3 Qb6 12. Rb1 Nd4 13. c3 Nxf3+ 14.
Qxf3 Qc6 15. Bxh6 gxh6 16. Qxf6 Qxf6 17. Rxf6 Kg7 18. Rff1 f5 19. exf5 Bxf5
20. Rf3 Rad8 21. Rbf1 Bg6 22. Rxf8 Rxf8 23. Rxf8 Kxf8 24. Bd5 b6 25. Be4
Bf7 26. b3 Ke7 27. Kf2 Kf6 28. h4 Bh5 29. Bf3 Bxf3 30. Kxf3 a5 31. c4 h5
32. g4 hxg4+ 33. Kxg4 Kg6 34. h5+ Kf6 35. h6 Kg6 36. h7 Kxh7 37. Kf5 Kg7
38. Kxe5 Kf7 39. Kd6 Kf6 40. Kd5 Ke7 41. Kc6 Ke6 42. Kxb6 Kd6 43. a4 Kd7
44. Kxc5 Kc7 45. Kb5 Kb7 46. Kxa5 Ka7 47. d4 Kb7 48. d5 Kc7 49. c5 Kd7 50.
Kb6 Kc8 51. c6 Kb8 52. c7+ Kc8 53. d6 Kd7 54. Kb7 Kxd6 55. c8=Q Kd5 56. Qc7
Ke6 57. Qd8 Kf7 58. Kc7 Ke6 59. Kc6 Ke5 60. Qd7 Ke4 61. Qd6 Kf5 62. Qe7 Kf4
63. Qe6 Kf3 64. Qe5 Kf2 65. Qe4 Kf1 66. Qe3 Kg2 67. Qf4 Kg1 68. Qf3 Kh2 69.
Qg4 Kh1 70. Kd5 Kh2 71. Ke4 Kh1 72. Kf3 Kh2 73. Qg2# { Black checkmated }
1-0